 Dungeon Crawl Stone Soup version 0.30.0-5-g1a98f26d00 (webtiles) character file.

Game seed: 11512886890216302669

0 SnakkuSnakku7 the Gusty (level 1, -1/14 HPs)
             Began as a Hill Orc Air Elementalist on May 12, 2023.
             Slain by a quokka (3 damage)
             ... on level 1 of the Dungeon.
             The game lasted 00:00:26 (92 turns).

SnakkuSnakku7 the Gusty (Hill Orc Air Elementalist)   Turns: 92, Time: 00:00:26

Health: -1/14      AC:  2    Str: 10    XL:     1   Next: 10%
Magic:  0/3        EV: 12    Int: 15    God:
Gold:   13         SH:  0    Dex: 11    Spells: 2/3 levels left

rFire   . . .        (no weapon)
rCold   . . .        (no shield)
rNeg    . . .        a - +0 robe
rPois   .            (no helmet)
rElec   .            (no cloak)
rCorr   .            (no gloves)
SInv    .            (no boots)
Will    .....        (no amulet)
Stlth   ++           (no ring)
HPRegen 0.22/turn    (no ring)
MPRegen 0.08/turn

%: no passive effects
@: no status effects
A: no striking features
a: no special abilities


You were on level 1 of the Dungeon.
You visited 1 branch of the dungeon, and saw 1 of its levels.

You collected 13 gold pieces.

Inventory:

Missiles
 c - 4 poisoned darts
Armour
 a - a +0 robe (worn)
Scrolls
 d - a scroll of teleportation {unknown}
Potions
 b - a potion of magic


   Skills:
 + Level 0.2 Fighting
 - Level 1.5 Dodging
 - Level 1.5 Stealth
 - Level 1.5 Spellcasting
 - Level 1.0 Conjurations
 - Level 2.4 Air Magic


You had 2 spell levels left.
You knew the following spells:

 Your Spells              Type           Power      Damage    Failure   Level
a - Shock                 Conj/Air       24%        1d4       12%         1

Your spell library contained the following spells:

 Spells                   Type           Power      Damage    Failure   Level
 Static Discharge         Conj/Air       12%        2-3/arc   17%         2
 Swiftness                Air            8%         N/A       26%         3
 Airstrike                Air            4%         2d(1-17)  65%         4


Dungeon Overview and Level Annotations

Branches:
Dungeon (1/15)

Altars:


Message History

You barely miss the quokka. The quokka barely misses you.
The quokka closely misses you.
You barely miss the quokka. The quokka barely misses you.
You miss the quokka. The quokka bites you.
You closely miss the quokka. The quokka misses you.
You closely miss the quokka. The quokka closely misses you.
You barely miss the quokka. The quokka closely misses you.
The quokka bites you.
You hit the quokka but do no damage. The quokka closely misses you.
Aiming: Shock (safe; 12% risk of failure)
Press: ? - help, Q - select action, (/) - cycle Shift-Dir - straight line The zap misses the quokka.
The zap hits the quokka but does no damage.
The quokka barely misses you.
Unknown command.
Unknown command.
The quokka attacks as you move away! The quokka closely misses you.
The quokka closely misses you. The quokka attacks as you move away!
The quokka completely misses you. The quokka bites you.
A giant cockroach comes into view.
The quokka attacks as you move away! The quokka closely misses you.
The quokka twitches its whiskers.
Aiming: Shock (safe; 12% risk of failure)
Press: ? - help, Q - select action, (/) - cycle Shift-Dir - straight line The zap hits the quokka.
The quokka is lightly wounded.
The zap hits the quokka.
The quokka is severely wounded.
The quokka barely misses you.
Unknown command.
The quokka bites you.
* * * LOW HITPOINT WARNING * * *
The quokka attacks as you move away! The quokka barely misses you.
The quokka attacks as you move away! The quokka bites you.
* * * LOW HITPOINT WARNING * * *
The quokka misses you.
Okay, then.
The quokka attacks as you move away! The quokka bites you.
You die...

..... #.# #...
#.#.###. #... #.#..
. . ####...##
#.#.#.#.#
........###.#.#.#.#
#.....B..B........
#......###.#.#.#.
#.....r# #.#.#.#
###...@# #.....#
#..
###....#####.#.#
.... #............#
...##.##...#######
....#.##...#
#...##...#
#.###.......####
#.......(........
#####...........


You could see a quokka and a giant cockroach.

Vanquished Creatures
  A ball python (D:1)
1 creature vanquished.

Notes
Turn   | Place    | Note
-------+----------+-------------------------------------------
     0 | D:1      | SnakkuSnakku7 the Hill Orc Air Elementalist began the quest
                  | for the Orb.
     0 | D:1      | Reached XP level 1. HP: 14/14 MP: 3/3
    92 | D:1      | Slain by a quokka

Illustrated notes

Levels and vault maps discovered:
D:1:      spicycebolla_green_bress_n_ham_2, layout_basic,
          dreamdust_ecumenical_altar_drowned_temple, serial_shops, shop_coins,
          nicolae_nh_oracle_at_delphi

Action                     || total
---------------------------++-------
  Melee: Unarmed           ||     7
   Cast: Shock             ||     5
  Dodge: Dodged            ||    15
